 Dungeon Crawl Stone Soup version 0.18.1-1-g2f07953 (webtiles) character file.

415 IcyTea the Charlatan (level 6, -12/34 HPs)
             Began as a Tengu Artificer on May 7, 2016.
             Killed by divine providence
             ... invoked by an orc priest
              (15 damage)
             ... on level 5 of the Dungeon.
             The game lasted 00:18:49 (5399 turns).

IcyTea the Charlatan (Tengu Artificer)              Turns: 5399, Time: 00:18:51

Health: -12/34     AC:  9    Str: 13    XL:     6   Next: 92%
Magic:  12/12      EV:  6    Int: 13    God:
Gold:   49         SH:  0    Dex: 14    Spells: 0 memorised, 5 levels left

rFire  . . .     SeeInvis .     a - +2 scimitar (flame)
rCold  . . .     Gourm    .     g - +1 chain mail
rNeg   . . .     Faith    .     (no shield)
rPois  .         Spirit   .     (helmet restricted)
rElec  .         Dismiss  .     (no cloak)
rCorr  .         Reflect  .     (no gloves)
SustAt .         Harm     .     (boots unavailable)
MR     +....                    (no amulet)
Stlth  ..........               (no ring)
                                b - ring of protection from magic

@: somewhat resistant to hostile enchantments, extremely unstealthy
A: beak, talons 3, able to fly 1
a: Fly


You were on level 5 of the Dungeon.
You were not hungry.

You visited 1 branch of the dungeon, and saw 5 of its levels.

You collected 175 gold pieces.
You spent 126 gold pieces at shops.

Inventory:

Hand Weapons
 a - a +2 scimitar of flaming (weapon)
 c - a +1 long sword
Armour
 g - a +1 chain mail (worn)
Jewellery
 b - a ring of protection from magic (left hand)
Wands
 d - a wand of enslavement (15/24)
 e - a wand of random effects (6/48)
 l - a wand of flame (4/48)
Scrolls
 h - 4 scrolls of identify
 j - 2 scrolls of recharging
 m - 2 scrolls of fear
Potions
 o - 2 potions of heal wounds
 p - a potion of lignification
 q - a potion of berserk rage
 r - a potion of agility
Comestibles
 f - 6 bread rations
 i - 6 fruits
 k - 2 slices of pizza
 n - a royal jelly


   Skills:
 - Level 1.0 Fighting
   Level 1.1(2.0) Short Blades
 + Level 2.5(2.6) Long Blades
 - Level 2.1 Dodging
 - Level 1.0 Stealth
 - Level 7.1 Evocations


You had 5 spell levels left.
You didn't know any spells.

Dungeon Overview and Level Annotations

Branches:
Dungeon (5/15)
 Temple: D:4-7

Altars:
Elyvilon
Makhleb
Okawaru
Pakellas
Trog
Vehumet
Yredelemnul
The Shining One

Shops:
D:5 !


Innate Abilities, Weirdness & Mutations

You have a beak for a mouth.
You have claws for feet.
You can fly.


Message History

The orc priest calls upon Beogh to heal the orc priest.
The orc priest is healed somewhat.
You barely miss the orc priest.
You claw the orc priest, but do no damage.
The orc priest is severely wounded.
The orc priest miscasts a cantrip.
You closely miss the orc priest. You peck the orc priest.
The orc priest is almost dead.
The orc priest hits you with a dagger.
The orc priest mumbles some strange prayers to Beogh against you.
Beogh smites you!
The orc priest hits you but does no damage.
You slash the orc priest! You burn the orc priest.
You kill the orc priest!
The orc priest calls down the wrath of Beogh upon you.
Beogh smites you!
* * * LOW HITPOINT WARNING * * *
The orc priest mumbles some strange prayers to Beogh against you.
Beogh smites you!
You die...

#......######.#
#......# #.#
......#.## #.#
.........#####.#
...............#
.........####..#
......#### #..#
......#######..#
......#.(.o)@..#
......#.#####.##
... .. #.# o..
#.# .o. #.# ..
#.# . #.# #.#
..#


You could see an orc priest.

Vanquished Creatures
  The ghost of emikaela the Chiller, an amateur FoIE (D:3)
  An orc priest (D:5)
  An iguana (D:5)
  An orc wizard (D:4)
  A worker ant (D:4)
  8 adders
  An ooze (D:3)
  A worm (D:3)
  A dart slug (D:2)
  7 giant geckos
  16 orcs
  2 ball pythons (D:3)
  8 bats
  3 giant cockroaches
  10 goblins
  10 hobgoblins
  2 jackals (D:3)
  3 quokkas
  2 giant newts
  5 kobolds
  13 rats
  A plant (D:3)
98 creatures vanquished.

Notes
Turn   | Place    | Note
--------------------------------------------------------------
     0 | D:1      | IcyTea the Tengu Artificer began the quest for the Orb.
     0 | D:1      | Reached XP level 1. HP: 12/12 MP: 4/4
   165 | D:1      | Reached XP level 2. HP: 11/16 MP: 5/5
   962 | D:1      | Reached skill level 4 in Evocations
   974 | D:1      | Reached XP level 3. HP: 13/20 MP: 7/7
  1788 | D:2      | Reached XP level 4. HP: 25/25 MP: 8/8
  2199 | D:2      | Reached skill level 5 in Evocations
  2911 | D:3      | Gained mutation: You can fly. [Tengu growth]
  2911 | D:3      | Reached XP level 5. HP: 26/29 MP: 8/10
  3011 | D:3      | Noticed emikaela's ghost (amateur FoIE)
  3169 | D:3      | Killed emikaela's ghost
  3169 | D:3      | Reached skill level 6 in Evocations
  3169 | D:3      | Reached XP level 6. HP: 15/34 MP: 9/12
  3413 | D:3      | Found a bloodstained altar of Trog.
  3611 | D:3      | Found a white marble altar of Elyvilon.
  3612 | D:3      | Found a radiant altar of Vehumet.
  3625 | D:3      | Found a basalt altar of Yredelemnul.
  3627 | D:3      | Found an iron altar of Okawaru.
  3627 | D:3      | Found a glowing golden altar of the Shining One.
  3977 | D:3      | Found an oddly glowing altar of Pakellas.
  3984 | D:3      | Found a burning altar of Makhleb.
  4318 | D:4      | Reached skill level 7 in Evocations
  4490 | D:4      | Reached skill level 1 in Long Blades
  5243 | D:5      | Entered Level 5 of the Dungeon
  5297 | D:5      | Found Sezamp's Distillery.
  5313 | D:5      | Bought a potion of berserk rage for 70 gold pieces
  5313 | D:5      | Bought a potion of agility for 56 gold pieces
  5399 | D:5      | Killed from afar by an orc priest

Skill      XL: |  1  2  3  4  5  6 |
---------------+-------------------+-----
Evocations     | 4 5 6 7 |  7.1
Long Blades    | 2 |  2.5
Fighting       | |  1.0
Short Blades   | |  1.1
Dodging        | |  2.1
Stealth        | |  1.0

Action                   |  1- 3 |  4- 6 || total
-------------------------+-------+-------++-------
Melee: Short sword       |    92 |   179 ||   271
       Kick              |    16 |    49 ||    65
       Peck              |     5 |    40 ||    45
       Long sword        |       |    41 ||    41
       Scimitar          |       |    18 ||    18
 Abil: Fly               |       |     4 ||     4
Evoke: Wand              |     5 |    15 ||    20
  Use: Potion            |     2 |     5 ||     7
       Scroll            |     2 |     7 ||     9
 Stab: Sleeping          |     1 |       ||     1
       Confused          |       |     1 ||     1
  Eat: Chunk             |     3 |    11 ||    14
       Pizza             |       |     1 ||     1
Armor: Leather armour    |    26 |    10 ||    36
       Chain mail        |       |   106 ||   106
       Skin              |       |    10 ||    10
Dodge: Dodged            |    63 |    76 ||   139
